 Dungeon Crawl Stone Soup version 0.29-a0-1027-gcd8c55af63 (webtiles) character file.

Game seed: 8830258572805772392

36783 Zonian the Dealer of Despair (level 13, -1/79 HPs)
             Began as a Demonspawn Necromancer on Aug 12, 2022.
             Was an Elder of Kikubaaqudgha.
             Killed from afar by a hell hound (10 damage)
             ... with a blast of flame
             ... on level 5 of the Lair of Beasts on Aug 13, 2022.
             The game lasted 01:21:21 (20235 turns).

Zonian the Dealer of Despair (DsNe)                Turns: 20235, Time: 01:21:21

Health: -1/79      AC: 16    Str: 19    XL:     13   Next: 54%
Magic:  1/27       EV: 16    Int: 19    God:    Kikubaaqudgha [****..]
Gold:   446        SH:  5    Dex: 15    Spells: 2/32 levels left

rFire   . . .      SeeInvis .   y - +9 whip "Quikua" {elec, rC+ rCorr}
rCold   + . .      Faith    .   (no shield)
rNeg    + . .      Spirit   .   V - +2 troll leather armour {Snorg}
rPois   .          Reflect  +   G - +0 helmet
rElec   +          Harm     .   B - +0 cloak
rCorr   +          Rampage  .   (no gloves)
Will    .....                   d - +0 pair of boots
Stlth   ++++......              c - amulet "Querhopua" {Reflect rElec rN+ Str+3 SH+5}
HPRegen 1.03/turn               u - +6 ring of strength
MPRegen 0.20/turn               C - +4 ring of protection

@: lethally poisoned (-1 -> -2)
A: hooves 2, slimy green scales 2, powered by death 1
a: Renounce Religion, Unearth Wretches


You were on level 5 of the Lair of Beasts.
You worshipped Kikubaaqudgha.
Kikubaaqudgha was greatly pleased with you.
You visited 3 branches of the dungeon, and saw 17 of its levels.

You collected 716 gold pieces.
You spent 270 gold pieces at shops.

Inventory:

Hand Weapons
 e - a +2 short sword of protection
 m - a +0 sling of venom
 y - the +9 whip "Quikua" (weapon) {elec, rC+ rCorr}
   (You found it on level 10 of the Dungeon)

   It occasionally discharges a powerful burst of electricity upon striking a
   foe.
   rC:        It protects you from cold.
   rCorr:     It protects you from acid and corrosion.
 O - a +0 long sword of flaming
 P - a +5 hand axe
 Q - a +2 dire flail of freezing
Missiles
 h - 3 silver boomerangs
 p - 16 poisoned darts
 w - 9 javelins
 K - 3 curare-tipped darts
 M - 6 boomerangs
Armour
 a - a +0 robe
 d - a +0 pair of boots (worn)
 j - a +2 ring mail of poison resistance
 t - a +0 buckler
 v - a +1 troll leather armour
 B - a +0 cloak (worn)
 G - a +0 helmet (worn)
 J - an orb of guile
 V - a +2 troll leather armour (worn) {Snorg}
Jewellery
 c - the amulet "Querhopua" (around neck) {Reflect rElec rN+ Str+3 SH+5}
   (You acquired it on level 3 of the Dungeon)

   [amulet of reflection]

   It reflects blocked missile attacks.
   Str:       It affects your strength (+3).
   rElec:     It insulates you from electricity.
   rN:        It protects you from negative energy.
   SH:        It affects your SH (+5).
 l - a ring of see invisible
 n - a ring of magical power
 q - a ring of magical power
 s - a +4 ring of evasion
 u - a +6 ring of strength (left hand)
 C - a +4 ring of protection (right hand)
 D - a ring of ice
 F - a +6 ring of intelligence
 S - an amulet of guardian spirit
Wands
 R - a wand of paralysis (13)
 U - a wand of flame (18)
 Y - a wand of quicksilver (6)
Scrolls
 g - 5 scrolls of teleportation
 k - 4 scrolls of fog
 r - 2 scrolls of blinking
 Z - 2 scrolls of fear
Potions
 i - a potion of flight
 o - a potion of mutation
 x - a potion of haste
 z - 4 potions of curing
 A - 3 potions of invisibility
 E - 4 potions of brilliance
 H - a potion of heal wounds
 I - 2 potions of might
 L - a potion of ambrosia {unknown}
 N - a potion of resistance
 T - a potion of cancellation {unknown}


   Skills:
 - Level 4.0 Short Blades
 + Level 6.8 Maces & Flails
 - Level 8.8 Dodging
 - Level 9.5 Stealth
 + Level 10.4 Spellcasting
 + Level 3.7 Hexes
 + Level 12.8 Necromancy
 + Level 4.6 Air Magic
 + Level 2.1 Earth Magic
 + Level 4.8 Poison Magic


You had 2 spell levels left.
You knew the following spells:

 Your Spells              Type           Power      Damage    Failure   Level
a - Necrotise             Necr           100%       1d9       1%          1
b - Vampiric Draining     Necr           55%        2d9       1%          3
c - Animate Dead          Necr           55%        N/A       1%          4
d - Agony                 Necr           55%        N/A       1%          5
e - Dispel Undead         Necr           55%        3d20      1%          4
f - Anguish               Hex/Necr       20%        N/A       2%          4
g - Corpse Rot            Necr/Pois/Air  38%        N/A       4%          4
h - Borgnjor's Vile Clut  Necr/Erth      19%        N/A       11%         5

Your spell library contained the following spells:

 Spells                   Type           Power      Damage    Failure   Level
 Poisonous Vapours        Pois/Air       54%        N/A       1%          2
 Sublimation of Blood     Necr           55%        N/A       1%          2
 Static Discharge         Conj/Air       18%        3-6/arc   4%          2
 Ensorcelled Hibernation  Hex/Ice        34%        N/A       6%          2
 Apportation              Tloc           18%        N/A       9%          1
 Summon Small Mammal      Summ           36%        N/A       9%          1
 Blink                    Tloc           18%        N/A       13%         2
 Death Channel            Necr           27%        N/A       7%          6
 Spider Form              Tmut/Pois      19%        N/A       10%         3
 Frozen Ramparts          Ice            18%        1d3       26%         3
 Lesser Beckoning         Tloc           9%         N/A       26%         3
 Petrify                  Tmut/Erth      13%        N/A       47%         4
 Ice Form                 Ice/Tmut       9%         N/A       63%         4
 Sticky Flame             Conj/Fire      9%         2d3       63%         4
 Summon Ice Beast         Ice/Summ       9%         N/A       63%         4
 Simulacrum               Ice/Necr       17%        N/A       67%         6
 Irradiate                Conj/Tmut      4%         3d13      93%         5
 Manifold Assault         Tloc           9%         N/A       93%         5


Dungeon Overview and Level Annotations

Branches:
Dungeon (11/15)            Temple (1/1) D:6            Lair (5/5) D:11
 Shoals (0/4) Lair:2       Spider (0/4) Lair:3        Slime (0/5) Lair:4
    Orc (0/2) D:10

Altars:
Cheibriados
Gozag
Kikubaaqudgha
Makhleb
Qazlal
Ru
Sif Muna
Trog
Vehumet

Shops:
D:5 :!?(   D:6 ?

Annotations:
D:4 2 transporters, Menkaure; purpskrrrp's ghost, novice DsFi
D:5 Eustachio
D:10 3 runed translucent doors, Sobieck's ghost, journeyman DgCj


Innate Abilities, Weirdness & Mutations

You have hoof-like feet.
You are mostly covered in slimy green scales. (AC +3)
You regenerate a little health from kills.


Message History

Casting: Agony (dangerous; 1% risk of failure)
Confirm with . or Enter, or press ? or * to list all spells.
Aiming: Agony (dangerous; 1% risk of failure)
Press: ? - help, Shift-Dir - straight line, f/p - black mamba
Aim: a black mamba (almost dead, chance to affect: 99%)
The black mamba convulses!
You feel very sick. The black mamba barely misses you.
The hell hound bites your elephant zombie!
Your elephant zombie closely misses the hell hound.
Your elephant zombie trunk-slaps the hell hound but does no damage.
Your komodo dragon zombie bites the death yak.
An elephant comes into view.
The death yak gores your komodo dragon zombie!!
Casting: Agony (dangerous; 1% risk of failure)
Confirm with . or Enter, or press ? or * to list all spells.
You don't have enough magic to cast this spell.
Unknown command.
You hit the black mamba.
You kill the black mamba!
Kikubaaqudgha accepts your kill.
You feel sick.
The hell hound bites your elephant zombie.
Your elephant zombie tramples the hell hound.
The hell hound holds its ground!
Your elephant zombie trunk-slaps the hell hound but does no damage.
Your komodo dragon zombie bites the death yak but does no damage.
The death yak gores your komodo dragon zombie!
Okay, then.
You hit the water moccasin.
The water moccasin is lightly wounded.
You feel sick.
The hell hound bites your elephant zombie.
The water moccasin bites you.
* * * LOW HITPOINT WARNING * * *
The hell hound breathes flames at you.
The blast of flame hits your elephant zombie!
The blast of flame hits you!
You die...
Kikubaaqudgha rasps: "You have failed me!
Welcome... death!"

#....♣ ♣.
.....♣♣♣♣ ♣♣.
P....... ♣♣..♣♣
......♣ ♣....♣♣
.....♣ ♣.Y.♣
.....♣ ♣♣Y♣.S♣
....♣♣♣
♣♣.Z♣♣♣...
#.....♣ ♣♣Sh♣♣
.... ##....♣
♣♣@Z♣♣ .♣♣
#.....♣ ♣♣.Z♣♣
♣ #P....♣
♣..♣..♣ #...♣♣♣
♣♣..♣♣..♣
#....♣ ♣♣..♣♣
♣.♣ #...Z♣
♣♣♣..♣♣ ..♣
#..ZZ♣♣♣♣♣..♣♣♣
$.♣
#..ZZZ.♣.Z♣♣♣
.♣ ....Z.♣.♣♣♣


You could see a death yak (distracted, ally target), an elephant, a water
moccasin, a hell hound (catching breath, ally target), a friendly komodo dragon
zombie, a friendly yak zombie and a friendly elephant zombie.

Vanquished Creatures
  Snorg (Lair:3)
  Fannar (Lair:3)
  2 hydras
  3 two-headed ogres
  Urug (Lair:3)
  3 black mambas
  2 merfolk sirens (Lair:2)
  10 elephants
  A manticore (D:10)
  A gargoyle (D:10)
  7 cane toads
  Maggie (D:9)
  2 rime drakes
  5 komodo dragons
  4 trolls
  A polar bear (Lair:1)
  A merfolk (Lair:2)
  7 blink frogs
  3 dream sheep (Lair:5)
  9 yaks
  4 shadows
  2 wraiths
  4 wyverns
  3 steam dragons
  4 water moccasins
  4 acid dragons
  A black bear (D:5)
  2 sky beasts
  An ogre (D:5)
  9 wolves
  7 centaurs
  3 phantoms
  A kobold brigand (D:10)
  5 bullfrogs
  3 scorpions
  Blork the orc (D:4)
  A troll zombie (D:10)
  3 wights (D:9)
  4 killer bees (D:10)
  2 electric eels (Lair:5)
  A howler monkey (D:9)
  6 hounds
  An orc priest (D:11)
  2 gnoll boudas
  20 jellies
  Jessica (D:2)
  An iguana (D:5)
  5 ogre zombies (D:10)
  6 gnolls
  10 adders
  2 white imps (D:7)
  2 worms
  4 orcs
  7 endoplasms
  A giant cockroach (D:2)
  10 goblins
  5 hobgoblins
  4 jackals (D:2)
  4 quokkas
  4 ball pythons
  2 bats (D:3)
  A frilled lizard (D:3)
  A goblin skeleton (D:10)
  A goblin zombie (D:10)
  2 hobgoblin skeletons (D:10)
  A hobgoblin zombie (D:10)
  5 kobolds
  3 orc skeletons (D:10)
  8 orc zombies (D:10)
  9 rats
  A bush (Lair:5)
259 creatures vanquished.

Vanquished Creatures (collateral kills)
  A boulder beetle (Lair:4)
  2 hydras
  A two-headed ogre (D:10)
  8 elephants
  A black mamba (Lair:2)
  2 cane toads
  3 komodo dragons
  A troll (D:11)
  A merfolk (Lair:2)
  A polar bear (Lair:2)
  3 blink frogs
  2 dream sheep (Lair:5)
  A wraith (D:11)
  A water elemental (D:11)
  18 yaks
  A basilisk (Lair:4)
  A vampire mosquito (D:10)
  2 water moccasins
  5 wolves
  A phantom (D:7)
  2 bullfrogs
  3 killer bees
  2 electric eels (D:11)
  An orc wizard (D:11)
  A gnoll (D:9)
  An orc (D:11)
  A hobgoblin zombie (D:10)
  2 orc zombies (D:10)
  A rat (D:3)
70 creatures vanquished.

Vanquished Creatures (others)
  2 hydras
  A komodo dragon (Lair:5)
  A hydra zombie (Lair:3)
  2 yaks (Lair:4)
  4 cane toad zombies
  A blink frog zombie (Lair:5)
  An ogre (D:10)
  3 elephant zombies (Lair:5)
  3 komodo dragon zombies
  A troll zombie (D:11)
  9 yak zombies
  8 wolf zombies
  A hound (D:11)
  4 killer bee zombies (D:10)
  An adder (D:6)
  A dart slug (D:10)
  An orc (D:11)
  An orc zombie (D:11)
  29 fungi
  59 plants
133 creatures vanquished.

Grand Total: 462 creatures vanquished

Notes
Turn   | Place    | Note
-------+----------+-------------------------------------------
     0 | D:1      | Zonian the Demonspawn Necromancer began the quest for the
                  | Orb.
     0 | D:1      | Reached XP level 1. HP: 13/13 MP: 3/3
   272 | D:1      | Found a faded altar of an unknown god.
   421 | D:1      | Gained mutation: You are partially covered in slimy green
                  | scales. (AC +2) [demonic ancestry]
   421 | D:1      | Reached XP level 2. HP: 17/19 MP: 5/5
  1476 | D:2      | Gained mutation: You have large cloven feet. [demonic
                  | ancestry]
  1476 | D:2      | Reached XP level 3. HP: 24/24 MP: 3/6
  1586 | D:2      | Noticed Jessica
  1593 | D:2      | Killed Jessica
  2307 | D:2      | Gained mutation: You are mostly covered in slimy green
                  | scales. (AC +3) [demonic ancestry]
  2307 | D:2      | Reached XP level 4. HP: 30/30 MP: 3/8
  2555 | D:3      | Identified a scroll of acquirement
  2557 | D:3      | Acquired the amulet "Querhopua" {Reflect rElec rN+ Str+3
                  | SH+5}
  2822 | D:3      | Reached skill level 5 in Necromancy
  3075 | D:3      | Found a shimmering blue altar of Sif Muna.
  3369 | D:3      | Reached XP level 5. HP: 35/35 MP: 9/9
  4099 | D:4      | Noticed Blork the orc
  4220 | D:4      | Killed Blork the orc
  4570 | D:4      | Found a transporter.
  4570 | D:4      | Noticed an acid dragon
  4573 | D:4      | Noticed purpskrrrp's ghost (novice DsFi)
  4574 | D:4      | Found a transporter.
  4574 | D:4      | Noticed Menkaure
  5145 | D:3      | Learned a level 3 spell: Vampiric Draining
  5150 | D:3      | Learned a level 4 spell: Animate Dead
  5416 | D:4      | Found a snail-covered altar of Cheibriados.
  5509 | D:4      | Reached XP level 6. HP: 38/41 MP: 11/11
  5656 | D:5      | Entered Level 5 of the Dungeon
  5743 | D:5      | Found Ydghaa's Magic Scroll Emporium.
  5754 | D:5      | Bought a scroll of teleportation for 33 gold pieces
  5754 | D:5      | Bought a scroll of blinking for 82 gold pieces
  5754 | D:5      | Bought a scroll of fog for 44 gold pieces
  5762 | D:5      | Found Elax Elangiy's Book Shop.
  5894 | D:5      | Found Utohag's Distillery.
  5972 | D:5      | Found a stormy altar of Qazlal.
  5998 | D:5      | Found Touss's Weapon Boutique.
  6036 | D:5      | Reached XP level 7. HP: 28/46 MP: 12/12
  6473 | D:5      | Reached skill level 6 in Necromancy
  7609 | D:5      | Noticed Eustachio
  7978 | D:5      | Reached skill level 1 in Short Blades
  7987 | D:5      | Bought a potion of curing for 36 gold pieces
  8269 | D:6      | Noticed a troll
  8298 | D:6      | Killed a troll
  8299 | D:6      | Reached skill level 5 in Stealth
  8299 | D:6      | Reached XP level 8. HP: 36/52 MP: 15/15
  8557 | D:6      | Found a staircase to the Ecumenical Temple.
  8566 | Temple   | Entered the Ecumenical Temple
  8931 | Temple   | Became a worshipper of Kikubaaqudgha
  8942 | D:6      | Reached skill level 7 in Necromancy
  9336 | D:6      | Found Xewkim's Magic Scroll Boutique.
  9341 | D:6      | Bought a scroll of enchant weapon for 75 gold pieces
  9623 | D:7      | Reached skill level 5 in Spellcasting
  9884 | D:7      | Reached skill level 5 in Dodging
 10619 | D:7      | Reached XP level 9. HP: 57/57 MP: 17/17
 11040 | D:8      | Noticed a two-headed ogre
 11452 | D:8      | Killed a two-headed ogre
 11453 | D:8      | Reached skill level 8 in Necromancy
 12338 | D:9      | Noticed a two-headed ogre
 12401 | D:9      | Found an opulent altar of Gozag.
 12447 | D:9      | Noticed Maggie
 12481 | D:9      | Killed Maggie
 12525 | D:9      | Reached XP level 10. HP: 63/63 MP: 19/19
 12568 | D:9      | Killed a two-headed ogre
 12667 | D:9      | Reached skill level 9 in Necromancy
 12671 | D:9      | Reached * piety under Kikubaaqudgha
 12671 | D:9      | Received a gift from Kikubaaqudgha
 13366 | D:10     | Entered Level 10 of the Dungeon
 13379 | D:10     | Noticed a two-headed ogre
 13597 | D:10     | Noticed a gargoyle
 13663 | D:10     | Killed a gargoyle
 13734 | D:10     | Identified the +9 whip "Quikua" {elec, rC+ rCorr}
 13754 | D:10     | Learned a level 5 spell: Agony
 13757 | D:10     | Found a runed translucent gate.
 13758 | D:10     | Found a runed translucent gate.
 13759 | D:10     | Found a runed translucent gate.
 13759 | D:10     | Noticed a spectral centaur warrior
 13761 | D:10     | Noticed Sobieck's ghost (journeyman DgCj)
 13840 | D:10     | Found a staircase to the Orcish Mines.
 13886 | D:10     | Reached skill level 1 in Maces & Flails
 14020 | D:10     | Noticed a two-headed ogre
 14205 | D:10     | Reached ** piety under Kikubaaqudgha
 14331 | D:10     | Noticed a manticore
 14342 | D:10     | Killed a manticore
 14530 | D:10     | Killed a two-headed ogre
 14531 | D:10     | Reached skill level 10 in Necromancy
 14531 | D:10     | Gained mutation: You regenerate a little health from kills.
                  | [demonic ancestry]
 14531 | D:10     | Reached XP level 11. HP: 58/68 MP: 11/22
 14598 | D:10     | Killed a two-headed ogre
 14924 | D:10     | Found a bloodstained altar of Trog.
 14924 | D:10     | Found a radiant altar of Vehumet.
 14928 | D:10     | Found a sacrificial altar of Ru.
 15033 | D:10     | Learned a level 4 spell: Dispel Undead
 15048 | D:11     | Noticed an eight-headed hydra
 15064 | D:11     | Killed an eight-headed hydra
 15080 | D:11     | Found a staircase to the Lair.
 15127 | Lair:1   | Entered Level 1 of the Lair of Beasts
 15133 | Lair:1   | Learned a level 4 spell: Anguish
 15138 | Lair:1   | Learned a level 4 spell: Corpse Rot
 16144 | Lair:2   | Reached skill level 11 in Necromancy
 16312 | Lair:2   | You fall into a shaft and drop 1 floor!
 16352 | Lair:3   | Reached XP level 12. HP: 74/74 MP: 24/24
 16384 | Lair:3   | Noticed Urug
 16399 | Lair:3   | Killed Urug
 16400 | Lair:3   | Reached skill level 1 in Air Magic
 16400 | Lair:3   | Reached skill level 1 in Poison Magic
 16409 | Lair:3   | Found a hole to the Spider Nest.
 16502 | Lair:3   | Noticed Fannar
 16512 | Lair:3   | Killed Fannar
 16524 | Lair:3   | Noticed Snorg
 16562 | Lair:3   | Killed Snorg
 17018 | Lair:3   | Reached *** piety under Kikubaaqudgha
 17018 | Lair:3   | Received a gift from Kikubaaqudgha
 17832 | Lair:2   | Reached skill level 5 in Maces & Flails
 17885 | Lair:2   | Noticed a seven-headed hydra
 17903 | Lair:2   | Killed a seven-headed hydra
 18128 | Lair:2   | Found a staircase to the Shoals.
 18138 | Lair:2   | Reached skill level 12 in Necromancy
 18750 | Lair:4   | Found a staircase to the Slime Pits.
 18809 | Lair:4   | Reached **** piety under Kikubaaqudgha
 18838 | Lair:4   | Reached skill level 1 in Hexes
 19014 | Lair:4   | Gained mutation: You have hoof-like feet. [demonic
                  | ancestry]
 19014 | Lair:4   | Reached XP level 13. HP: 37/79 MP: 14/26
 19022 | Lair:4   | Reached skill level 10 in Spellcasting
 19797 | Lair:5   | Entered Level 5 of the Lair of Beasts
 19797 | Lair:5   | Found a snail-covered altar of Cheibriados.
 19828 | Lair:4   | Learned a level 5 spell: Borgnjor's Vile Clutch
 19935 | Lair:5   | Reached skill level 1 in Earth Magic
 20235 | Lair:5   | Killed from afar by a hell hound

Illustrated notes

Levels and vault maps discovered:
D:1:      dpeg_arrival_tiny_a, layout_basic, shapermc_ecumenical_altar_acropolis
D:2:      layout_basic, uniq_jessica
D:3:      layout_basic, mainiacjoe_overflow_alcove_4, serial_forest,
          infiniplex_forest_lined_corner, infiniplex_forest_lined_room_3,
          infiniplex_forest_lined_1, infiniplex_forest_clump_long,
          infiniplex_forest_end_2, infiniplex_forest_clump_long,
          infiniplex_forest_clump_long, infiniplex_forest_clump_medium,
          infiniplex_forest_lined_3, infiniplex_forest_clump_curved,
          minmay_fractal_squares_diagonal_5
D:4:      layout_cave_pools, marbit_many_paths, gammafunk_ghost_arena,
          st_stairs_6, hangedman_decor_slide_cut,
          chequers_serial_rivers_micro_c, uniq_menkaure, uniq_blork_the_orc
D:5:      layout_loops_corners, lemuel_round_altar, serial_shops, shop,
          nicolae_square_shop, nicolae_shop_window_shopping,
          nicolae_inconvenience_store, uniq_eustachio
D:6:      layout_loops_ring, minmay_temple_entry_mini_moons, serial_shops,
          kennysheep_little_box
D:7:      layout_basic
D:8:      layout_basic
D:9:      layout_roguey, nicolae_gozag_seed_capital, enter_bailey_5, uniq_maggie
D:10:     layout_gridville, minitemple, zombieorc1_lemuel,
          gammafunk_ghost_necromancy, grunt_ministairs_9, minmay_diced_spiral
D:11:     layout_basic, erik_lair_island, gammafunk_ghost_split, uniq_josephine
Temple:   eino_wide_crystal_templ
Lair:1:   layout_loops_ring
Lair:2:   layout_loops_ring, elwin_shoals_entry_stream,
          infiniplex_staircase_pool_2
Lair:3:   layout_hall_layers, spider_nest_entry_web_field,
          infiniplex_staircase_pool, uniq_snorg, uniq_fannar, uniq_urug
Lair:4:   layout_cave_pods, minmay_slime_entry_jelly_boxes, grunt_megastairs_3
Lair:5:   evil_forest, layout_concentric_octagons,
          portal_ice_cave_entry_ice_simulacra, basic_altar,
          nicolae_lair_grazing_beasts [nicolae_sub_lair_graze_edge,
          nicolae_sub_lair_graze_edge, nicolae_sub_lair_graze_edge,
          nicolae_sub_lair_graze_edge]

Skill      XL: |  1  2  3  4  5  6  7  8  9 10 11 12 13 |
---------------+----------------------------------------+-----
Dodging        | 2 3 4 5 6 7 8 |  8.8
Stealth        | 2 3 4 5 7 8 9 |  9.5
Necromancy     | 5 6 7 8 10 11 12 | 12.8
Spellcasting   | 3 4 5 6 7 8 9 10 | 10.4
Short Blades   | 1 3 4 |  4.0
Maces & Flails | 2 4 6 |  6.8
Air Magic      | 4 |  4.6
Poison Magic   | 4 |  4.8
Hexes          | 1 3 |  3.7
Earth Magic    | 2 |  2.1

Action                   |  1- 3 |  4- 6 |  7- 9 | 10-12 | 13-15 || total
-------------------------+-------+-------+-------+-------+-------++-------
Melee: Short sword       |    26 |    36 |   356 |   137 |       ||   555
       Punch             |       |     2 |     7 |    12 |     2 ||    23
       Whip              |       |       |       |   456 |   155 ||   611
Throw: Dart              |       |       |     5 |     7 |       ||    12
       Boomerang         |       |       |       |     4 |       ||     4
 Cast: Necrotise         |    44 |    93 |    98 |    71 |       ||   306
       Vampiric Draining |       |       |     9 |    23 |     1 ||    33
       Agony             |       |       |       |     6 |    12 ||    18
       Animate Dead      |       |       |       |    12 |     1 ||    13
       Corpse Rot        |       |       |       |     2 |       ||     2
       Anguish           |       |       |       |     1 |     3 ||     4
Invok: Unearth Wretches  |       |       |       |     4 |     1 ||     5
Evoke: Wand              |       |       |     2 |     2 |     3 ||     7
  Use: Scroll            |       |    12 |     7 |    10 |     2 ||    31
       Potion            |       |     1 |     2 |     2 |     3 ||     8
 Stab: Sleeping          |     1 |     3 |     8 |    13 |     3 ||    28
       Distracted        |       |       |       |     5 |     3 ||     8
       Paralysed         |       |       |       |     4 |     2 ||     6
Armor: Robe              |    17 |    25 |    38 |       |       ||    80
       Troll leather arm |       |       |   121 |   255 |    53 ||   429
Dodge: Dodged            |    40 |    51 |   230 |   445 |   108 ||   874
Block: Other             |       |    17 |   103 |   151 |    31 ||   302
       Reflection        |       |     4 |     5 |     2 |       ||    11

Table legend: (Time is in decaauts)
 A = Elapsed time spent in this place.
 B = Non-inter-level travel time spent in this place.
 C = Inter-level travel time spent in this place.
 D = Time resting spent in this place.
 E = Time spent auto-exploring this place.
 F = Levels seen in this place.
 G = Mean time per level.
                   A        B        C        D        E       F      G
               +--------+--------+--------+--------+--------+-----+--------+
         Total |  20135 |  19671 |    464 |   4959 |   9540 |  17 | 1184.4 |
       Dungeon |  14735 |  14413 |    322 |   3731 |   7189 |  11 | 1339.5 |
        Temple |    356 |    356 |      0 |    341 |      0 |   1 |  356.0 |
          Lair |   5044 |   4902 |    142 |    887 |   2351 |   5 | 1008.8 |
               +--------+--------+--------+--------+--------+-----+--------+

Top non-repeatable levels by time:
     D:5: 2769 daAuts
     D:3: 2150 daAuts
    D:10: 1511 daAuts
  Lair:3: 1486 daAuts
     D:9: 1406 daAuts
     D:8: 1322 daAuts
     D:2: 1318 daAuts
     D:1: 1206 daAuts
  Lair:4: 1181 daAuts
     D:7: 1134 daAuts
  Lair:2: 1077 daAuts
     D:4: 985 daAuts
  Lair:1: 974 daAuts
     D:6: 846 daAuts
  Temple: 356 daAuts
